AoeStats
← [ITCF]TANK

Arena

504265063Analyzed
4v4 RM · 28d ago on Sep 4, 2026· 62m 27s· 8 players
Game mode
Random Map
Map size
Large (8 player)
Population
200
Speed
Normal
Resources
Standard
Victory
Conquest
Starting age
Dark Age
Ending age
Imperial Age
RankedLock teamsTeams togetherTeam positionsShared explorationLock speedFull tech treeHidden civsTurbo modeCheats
Victory
Defeat
🇹🇼 Britons · Taiwan
1384
+13
🇹🇼 Armenians · Taiwan
1312
+16
🇹🇼 Sicilians · Taiwan
1312
+16
🇹🇼 Persians · Taiwan
1294
+17
🇵🇪 Bohemians · Peru
1506
-25
🇦🇷 Gurjaras · Argentina
1254
-13
🇦🇷 Franks · Argentina
1243
-12
🇦🇷 Sicilians · Argentina
1231
-12
TVHG.llavero maldito
9:57 Feudal Age
9:52 Loom
14:02 Castle Age
12:24 Double-Bit Axe
15:10 Bow Saw
20:28 Horse Collar
23:32 Wheelbarrow
23:36 Heavy Plow
24:52 Gold Mining
26:21 Hand Cart
25:55 Town Watch
26:04 Stone Mining
30:45 Imperial Age
29:33 Scale Barding Armor
29:39 Forging
30:28 Bloodlines
30:19 Husbandry
30:44 Chain Barding Armor
31:11 Husbandry
31:07 Heavy Camel Rider
33:41 Plate Barding Armor
36:15 Scale Mail Armor
37:20 Frontier Guards
37:52 Gold Shaft Mining
40:10 Conscription
40:26 Iron Casting
40:07 Chain Mail Armor
40:25 Fletching
42:00 Masonry
44:06 Devotion
45:55 Light Cavalry
49:50 Elite Chakram Thrower
49:59 Hussar
51:32 Plate Mail Armor
56:08 Bodkin Arrow
55:37 Elite Skirmisher
56:23 Thumb Ring
61:33 Bracer
TVHG.Phraymus
11:00 Feudal Age
15:20 Castle Age
13:49 Double-Bit Axe
16:22 Bow Saw
16:52 Fervor
21:55 Wheelbarrow
23:16 Loom
28:46 Imperial Age
28:04 Chemistry
28:59 Pikeman
29:54 Squires
31:30 Fletching
31:55 Siege Engineers
32:09 Bodkin Arrow
31:37 Halberdier
32:50 Bracer
34:51 Houfnice
44:51 Ballistics
45:26 Town Watch
46:28 Conscription
TVHG . ApoloPacman
10:40 Feudal Age
12:27 Loom
15:53 Castle Age
14:26 Double-Bit Axe
18:28 Wheelbarrow
21:53 Scale Barding Armor
22:24 Husbandry
23:59 Forging
23:54 Town Watch
24:21 Bow Saw
26:09 Gold Mining
26:11 Stone Mining
28:15 Hand Cart
31:24 Imperial Age
30:11 Chain Barding Armor
29:59 Devotion
31:36 Iron Casting
31:43 Cavalier
33:04 Plate Barding Armor
32:06 Light Cavalry
34:25 Blast Furnace
34:23 Paladin
36:07 Gold Shaft Mining
40:44 Elite Skirmisher
43:06 Light Cavalry
46:16 Ballistics
46:06 Siege Engineers
47:04 Chemistry
45:56 Fletching
48:19 Bodkin Arrow
48:24 Padded Archer Armor
54:19 Conscription
54:00 Chivalry
57:00 Capped Ram
60:13 Pikeman
60:55 Scale Mail Armor
61:27 Fortified Wall
TVHG.Chacky09
5:11 Loom
26:27 Feudal Age
26:54 Double-Bit Axe
27:44 Horse Collar
30:13 Castle Age
30:18 Town Watch
31:25 Bow Saw
32:04 Fletching
37:44 Scale Mail Armor
37:55 Forging
38:34 Pikeman
39:17 Squires
39:04 Gambesons
39:06 Arson
42:23 Wheelbarrow
43:14 Elite Skirmisher
43:59 Bodkin Arrow
50:13 Chain Mail Armor
[ITCF]yuli
11:47 Feudal Age
15:23 Castle Age
14:57 Horse Collar
15:06 Double-Bit Axe
20:40 Loom
25:05 Imperial Age
23:28 Fletching
24:53 Bodkin Arrow
28:53 Bracer
30:04 Bow Saw
31:16 Padded Archer Armor
31:53 Redemption
33:54 Chemistry
33:42 Block Printing
35:05 Ballistics
35:45 Illumination
37:13 Leather Archer Armor
37:56 Wheelbarrow
37:51 Conscription
37:44 Masonry
39:21 Leather Archer Armor
39:01 Elite Composite Bowman
40:18 Sanctity
40:09 Fervor
41:32 Hand Cart
41:12 Gold Mining
41:53 Fortified Wall
41:39 Stone Mining
42:07 Caravan
46:03 Scale Mail Armor
46:33 Ring Archer Armor
46:14 Forging
46:45 Guilds
47:39 Man-at-Arms
48:05 Gambesons
48:21 Squires
48:22 Scale Mail Armor
48:58 Iron Casting
48:33 Long Swordsman
48:59 Arson
49:30 Chain Mail Armor
49:56 Gold Shaft Mining
50:02 Heavy Plow
50:45 Two-Handed Swordsman
51:59 Town Watch
52:09 Champion
53:20 Plate Mail Armor
53:51 Blast Furnace
52:59 Fereters
53:31 Hoardings
53:00 Pikeman
53:47 Halberdier
56:19 Coinage
58:24 Banking
[ITCF]Hentai
11:42 Feudal Age
13:10 Loom
15:58 Castle Age
14:21 Horse Collar
14:29 Double-Bit Axe
17:10 Bow Saw
17:45 Heavy Plow
25:03 Wheelbarrow
24:23 Gold Mining
26:42 Hand Cart
28:19 Gold Shaft Mining
27:41 Town Watch
31:17 Imperial Age
28:55 Scale Barding Armor
29:00 Forging
30:09 Chain Barding Armor
29:40 Pikeman
30:20 Squires
30:24 Husbandry
30:35 Bloodlines
31:17 Iron Casting
30:42 Scale Mail Armor
32:35 Plate Barding Armor
31:22 Cavalier
33:09 Caravan
33:20 Guilds
33:47 Hoardings
34:00 Hauberk
33:25 Light Cavalry
35:52 Blast Furnace
35:07 Chain Mail Armor
35:40 Conscription
35:29 Fletching
40:12 Plate Mail Armor
40:00 Halberdier
41:08 Arson
41:08 Gambesons
43:20 Bodkin Arrow
45:11 Capped Ram
48:13 Siege Ram
50:48 Bracer
55:37 Man-at-Arms
59:34 Padded Archer Armor
[ITCF]TANK
11:04 Feudal Age
15:09 Castle Age
14:29 Double-Bit Axe
14:27 Horse Collar
15:58 Bow Saw
17:54 Loom
22:36 Wheelbarrow
22:49 Heavy Plow
23:58 Gold Mining
23:59 Stone Mining
26:26 Hand Cart
28:59 Imperial Age
26:48 Scale Barding Armor
26:54 Forging
27:55 Chain Barding Armor
28:54 Husbandry
29:04 Bloodlines
29:44 Iron Casting
29:14 Kamandaran
28:42 Heavy Camel Rider
29:46 Conscription
29:50 Town Watch
31:13 Two-Man Saw
30:44 Crop Rotation
30:51 Gold Shaft Mining
30:52 Stone Shaft Mining
31:06 Plate Barding Armor
32:43 Blast Furnace
34:43 Town Patrol
35:51 Coinage
37:05 Banking
38:00 Scale Mail Armor
39:41 Chemistry
39:02 Ballistics
38:43 Padded Archer Armor
38:21 Light Cavalry
39:48 Thumb Ring
40:37 Leather Archer Armor
40:13 Hussar
42:40 Ring Archer Armor
42:29 Chain Mail Armor
43:47 Caravan
麻糬
6:59 Loom
14:41 Feudal Age
34:46 Wheelbarrow
35:01 Horse Collar
35:24 Double-Bit Axe
37:53 Castle Age
39:27 Heavy Plow
40:42 Bow Saw
41:05 Hand Cart
44:55 Gold Mining
49:05 Imperial Age
46:32 Pikeman
47:43 Scale Barding Armor
47:49 Forging
47:50 Fletching
48:56 Squires
48:43 Gambesons
48:43 Arson
49:20 Chain Barding Armor
48:57 Bodkin Arrow
49:03 Padded Archer Armor
49:09 Halberdier
49:52 Bracer
53:59 Iron Casting
53:40 Leather Archer Armor
53:18 Elite Longbowman
56:16 Conscription
57:38 Plate Barding Armor
57:06 Scale Mail Armor
58:07 Blast Furnace
58:17 Conscription
61:47 Yeomen
61:41 Warwolf
63:09 Ring Archer Armor
62:59 Chain Mail Armor
Connection lost

Rejoining the realm…

Still unreachable

The connection could not be restored.

Session expired

The server has moved on; the page needs a fresh start.